 Dungeon Crawl Stone Soup version 0.30-a0-743-gbfdf073431 (webtiles) character file.

Game seed: 2817764787890375920

104 tio the Grave Robber (level 4, -5/30 HPs)
             Began as a Demonspawn Necromancer on Feb 8, 2023.
             Killed from afar by an orc wizard (9 damage)
             ... with a puff of flame
             ... on level 3 of the Dungeon.
             The game lasted 00:09:29 (2187 turns).

tio the Grave Robber (Demonspawn Necromancer)       Turns: 2187, Time: 00:09:30

Health: -5/30      AC:  3    Str: 11    XL:     4   Next: 52%
Magic:  4/8        EV: 12    Int: 16    God:
Gold:   208        SH:  0    Dex: 13    Spells: 8/9 levels left

rFire   . . .      SeeInvis .    m - +1 dagger (speed)
rCold   . . .      Faith    .    (no shield)
rNeg    . . .      Spirit   .    a - +0 robe
rPois   .          Reflect  .    (no helmet)
rElec   .          Harm     .    (no cloak)
rCorr   .          Rampage  .    p - +0 pair of gloves
Will    .....                    (no boots)
Stlth   +                        (no amulet)
HPRegen 0.25/turn                (no ring)
MPRegen 0.11/turn                (no ring)

@: confused
A: claws 1, spiny 1
a: no special abilities


You were on level 3 of the Dungeon.
You visited 1 branch of the dungeon, and saw 3 of its levels.

You collected 208 gold pieces.

Inventory:

Hand Weapons
 c - a +0 short sword
 m - a +1 dagger of speed (weapon)
Armour
 a - a +0 robe (worn)
 n - a +0 ring mail
 p - a +0 pair of gloves (worn)
Scrolls
 b - a scroll of silence {unknown}
 f - 2 scrolls of immolation {unknown}
 g - a scroll of blinking {unknown}
 h - a scroll of identify {unknown}
 k - a scroll of noise {unknown}
 o - a scroll of enchant armour {unknown}
 r - a scroll of enchant weapon {unknown}
 t - a scroll of fog {unknown}
Potions
 d - 3 potions of berserk rage {unknown}
 e - a potion of flight {unknown}
 i - 2 potions of curing {unknown}
 j - a potion of lignification {unknown}
 l - a potion of ambrosia {unknown}
 q - a potion of brilliance {unknown}
 s - a potion of invisibility {unknown}


   Skills:
 + Level 0.1 Fighting
 + Level 2.0 Dodging
 + Level 2.0 Stealth
 + Level 3.1 Spellcasting
 + Level 5.5 Necromancy


You had 8 spell levels left.
You knew the following spells:

 Your Spells              Type           Power      Damage    Failure   Level
a - Necrotise             Necr           80%        1d8       1%          1

Your spell library contained the following spells:

 Spells                   Type           Power      Damage    Failure   Level
 Vampiric Draining        Necr           20%        2d7       5%          3
 Apportation              Tloc           4%         N/A       19%         1
 Sandblast                Erth           4%         2d4       19%         1
 Summon Small Mammal      Summ           8%         N/A       19%         1
 Animate Dead             Necr           20%        N/A       19%         4
 Passwall                 Tmut/Erth      1%         N/A       28%         2
 Agony                    Necr           20%        N/A       45%         5
 Stone Arrow              Conj/Erth      4%         3d7       50%         3


Dungeon Overview and Level Annotations

Branches:
Dungeon (3/15)

Altars:
Qazlal


Innate Abilities, Weirdness & Mutations

You have sharp fingernails.
You are partially covered in sharp spines.


Message History

The kobold barely misses you. Something hits you but does no damage.
You closely miss something. Something hits you but does no damage.
The kobold closely misses you.
You miss something. You closely miss something. Something hits you.
The kobold closely misses you.
You completely miss something. You closely miss something.
The kobold is struck by your spines.
You kill the kobold!
Something hits you.
* * * LOW HITPOINT WARNING * * *
You hit something but do no damage.
You hear some strange, mumbled words.
A magic dart appears from out of thin air!
The magic dart hits you.
* * * LOW HITPOINT WARNING * * *
You miss something. Something hits you but does no damage. Something hits you.
* * * LOW HITPOINT WARNING * * *
Your orc skeleton barely misses something.
Something hits you.
* * * LOW HITPOINT WARNING * * *
Your orc skeleton crumbles into dust!
You hear some strange, mumbled words.
You are confused.
You see here a +0 sling.
You bump into the rock wall.
You're too confused to move!
Something hits you but does no damage. Something hits you but does no damage.
You feel less confused.
You hit something. Something hits you.
* * * LOW HITPOINT WARNING * * *
You barely miss something. You hit something.
You hear some strange, mumbled words.
You are confused.
You hear some strange, mumbled words.
A puff of flame appears from out of thin air!
The puff of flame hits you!
You die...

#<#.#
#.#.####..
#$..)..#.#
##.)##)#.##
≈≈≈≈..#.#
..... ....≈
#.# #....
≈≈≈. #.#
#..### ...
#.# #..# ._
#.###.@# .
#.)##.?#
##..{..#
#..#####
#.## #..
.... #####


There were no monsters in sight!

Vanquished Creatures
  An orc wizard (D:3)
  A worm (D:2)
  2 dart slugs (D:1)
  5 orcs
  5 ball pythons
  3 endoplasms
  5 goblins
  2 hobgoblins (D:1)
  A jackal (D:1)
  5 kobolds
  A quokka (D:2)
  5 bats
  2 frilled lizards (D:1)
  2 rats
40 creatures vanquished.

Vanquished Creatures (collateral kills)
  An orc wizard (D:2)
1 creature vanquished.

Grand Total: 41 creatures vanquished

Notes
Turn   | Place    | Note
-------+----------+-------------------------------------------
     0 | D:1      | tio the Demonspawn Necromancer began the quest for the Orb.
     0 | D:1      | Reached XP level 1. HP: 13/13 MP: 3/3
   223 | D:1      | Gained mutation: You have sharp fingernails. [demonic
                  | ancestry]
   223 | D:1      | Reached XP level 2. HP: 19/19 MP: 1/5
  1220 | D:2      | Reached skill level 5 in Necromancy
  1220 | D:2      | Reached XP level 3. HP: 22/24 MP: 1/6
  1845 | D:2      | Gained mutation: You are partially covered in sharp spines.
                  | [demonic ancestry]
  1845 | D:2      | Reached XP level 4. HP: 30/30 MP: 5/8
  2155 | D:3      | Found a stormy altar of Qazlal.
  2187 | D:3      | Killed from afar by an orc wizard

Illustrated notes

Levels and vault maps discovered:
D:1:      wander_arrival_estate, layout_loops_ring, minmay_pentomino_t4
D:2:      layout_loops_ring
D:3:      layout_loops_ring, mainiacjoe_overflow_paths, tso_altar, uniq_terence

Skill      XL: |  1  2  3  4 |
---------------+-------------+-----
Dodging        | 2 |  2.0
Stealth        | 2 |  2.0
Necromancy     | 5 |  5.5
Spellcasting   | 3 |  3.1
Fighting       | |  0.1

Action                     |  1- 3 |  4- 6 || total
---------------------------+-------+-------++-------
  Melee: Short sword       |    17 |       ||    17
         Dagger            |       |    25 ||    25
   Cast: Necrotise         |    67 |    11 ||    78
    Use: Potion            |     1 |       ||     1
   Stab: Distracted        |       |     1 ||     1
 Armour: Robe              |     4 |    10 ||    14
  Dodge: Dodged            |    14 |    15 ||    29

Table legend: (Time is in decaauts)
 A = Elapsed time spent in this place.
 B = Non-inter-level travel time spent in this place.
 C = Inter-level travel time spent in this place.
 D = Time resting spent in this place.
 E = Time spent auto-exploring this place.
 F = Levels seen in this place.
 G = Mean time per level.
                   A        B        C        D        E       F      G
               +--------+--------+--------+--------+--------+-----+--------+
         Total |   2176 |   2005 |    171 |      0 |   1732 |   3 |  725.3 |
       Dungeon |   2176 |   2005 |    171 |      0 |   1732 |   3 |  725.3 |
               +--------+--------+--------+--------+--------+-----+--------+

Top non-repeatable levels by time:
     D:2: 1135 daAuts
     D:1: 1003 daAuts
     D:3: 37 daAuts
